 Dungeon Crawl Stone Soup version 0.31.0-2-g5a2aebc5c2 (webtiles) character file.

Game seed: 7075162632220784293

5415 ChrisAssaf the Twirler (level 10, -1/74 HPs)
             Began as a Human Gladiator on Jan 20, 2024.
             Was an Elder of Ashenzari.
             Slain by an orc warrior
             ... wielding a +0 halberd
              (19 damage)
             ... on level 9 of the Dungeon.
             The game lasted 00:40:09 (8981 turns).

ChrisAssaf the Twirler (Human Gladiator)            Turns: 8981, Time: 00:40:09

Health: -1/74      AC:  4    Str: 14    XL:     10   Next: 67%
Magic:  12/13      EV: 15    Int: 12    God:    Ashenzari [****..]
Gold:   478        SH:  0    Dex: 16    Spells: 1/13 levels left

rFire   . . .        a - +2 quarterstaff "Anxiety of Ashenzari" {Elem, Comp} (curse)
rCold   + . .        (shield currently unavailable)
rNeg    . . .        i - +0 leather armour of Ashenzari's Heresy {Range, Melee} (curse)
rPois   .            c - +0 helmet "Shackled With Me" {Melee, Dev} (curse)
rElec   .            (no cloak)
rCorr   .            (no gloves)
SInv    +            (no boots)
Will    .....        p - amulet of the Ensconced Regret {Regen+, Cun, Melee} (curse)
Stlth   +++          h - ring of Ashenzari's Fallacy {rC+, Range, Melee} (curse)
HPRegen 1.12/turn    (no ring)
MPRegen 0.13/turn

%: clarity
@: no status effects
A: explore regen
a: Renounce Religion, Curse Item, Shatter the Chains


You were on level 9 of the Dungeon.
You worshipped Ashenzari.
Ashenzari was greatly pleased with you.
You visited 1 branch of the dungeon, and saw 9 of its levels.
You also visited: Sewer.

You collected 610 gold pieces.
You spent 132 gold pieces at shops.

Inventory:

Hand Weapons
 a - the cursed +2 quarterstaff "Anxiety of Ashenzari" (weapon) {Elem, Comp}

   It has a curse which improves the following skills: Elements: Fire Magic, Ice
   Magic, Air Magic and Earth Magic.
   Companions: Summonings and Necromancy.
 e - a +3 dagger of flaming
Missiles
 b - 5 darts of dispersal
 l - 8 poisoned darts
 q - a boomerang
 v - 2 javelins (quivered)
 x - 2 atropa-tipped darts
Armour
 c - the cursed +0 helmet "Shackled With Me" (worn) {Melee, Dev}

   It has a curse which improves the following skills: Melee Combat: Short
   Blades, Long Blades, Axes, Maces & Flails, Polearms, Staves and Unarmed
   Combat.
   Devices:   Evocations and Shapeshifting.
 g - a +1 plate armour
 i - the cursed +0 leather armour of Ashenzari's Heresy (worn) {Range, Melee}
   (You found it on level 2 of the Dungeon)

   It has a curse which improves the following skills: Ranged Combat: Ranged
   Weapons and Throwing.
   Melee Combat: Short Blades, Long Blades, Axes, Maces & Flails, Polearms,
   Staves and Unarmed Combat.
Jewellery
 h - the cursed ring of Ashenzari's Fallacy (left hand) {rC+, Range, Melee}
   (You found it on level 2 of the Dungeon)

   [ring of protection from cold]

   rC+:       It protects you from cold.
   It has a curse which improves the following skills: Ranged Combat: Ranged
   Weapons and Throwing.
   Melee Combat: Short Blades, Long Blades, Axes, Maces & Flails, Polearms,
   Staves and Unarmed Combat.
 p - the cursed amulet of the Ensconced Regret (around neck) {Regen+, Cun, Melee}
   (You found it on level 1 of the Dungeon)

   [amulet of regeneration]

   Regen+:    It increases your rate of health regeneration.
   It has a curse which improves the following skills: Cunning: Dodging and
   Stealth.
   Melee Combat: Short Blades, Long Blades, Axes, Maces & Flails, Polearms,
   Staves and Unarmed Combat.
 y - an amulet of magic regeneration
 A - a ring of ice
 B - an amulet of regeneration
 E - a ring of ice
Wands
 d - a wand of charming (4)
 k - a wand of flame (35)
 o - a wand of roots (9)
 H - a wand of mindburst (4)
Scrolls
 n - a scroll of enchant weapon
 s - 6 scrolls of teleportation
 t - 2 scrolls of poison
 u - 4 scrolls of fog
 w - a scroll of silence
 G - a scroll of immolation
Potions
 f - a potion of brilliance
 j - 3 potions of cancellation
 m - a potion of enlightenment
 r - a potion of lignification
 C - a potion of attraction
 D - a potion of haste
 F - 2 potions of resistance


   Skills:
 * Level 5.1 Fighting
 * Level 3.1(8.4) Polearms
 * Level 7.7(12.2) Staves
 + Level 2.8(5.1) Throwing
 * Level 4.3 Armour
 * Level 4.9(6.7) Dodging
 * Level 4.0(5.7) Stealth
 * Level 2.3 Spellcasting
 * Level 1.5 Conjurations
 * Level 2.4 Hexes
 * Level 2.9(4.5) Summonings
 * Level 3.0(4.6) Necromancy
 * Level 2.7(4.2) Fire Magic
 * Level 2.8(4.3) Ice Magic
 * Level 3.4(5.0) Air Magic
 * Level 2.9(4.5) Earth Magic
 * Level 2.6(4.1) Evocations
 * Level 2.2(3.6) Shapeshifting


You had one spell level left.
You knew the following spells:

 Your Spells              Type           Power      Damage    Failure   Level
a - Sandblast             Erth           24%        2d8       4%          1
b - Stone Arrow           Conj/Erth      16%        3d8       28%         3
c - Inner Flame           Hex/Fire       9%         N/A       24%         3
d - Passwall              Erth           12%        N/A       16%         3
e - Searing Ray           Conj           10%        2d4       26%         2

Your spell library contained the following spells:

 Spells                   Type           Power      Damage    Failure   Level
 Magic Dart               Conj           20%        1d4       17%         1
 Animate Dead             Necr           12%        N/A       43%         4
 Brom's Barrelling Bould  Conj/Erth      8%         2d3       67%         4
 Flame Wave               Conj/Fire      8%         2d5       67%         4
 Sticky Flame             Fire/Alch      6%         2d4       80%         4
 Fulminant Prism          Conj/Alch      1%         3d5       93%         4
 Haunt                    Necr/Summ      6%         N/A       100%        7
 Infestation              Necr           6%         N/A       100%        8


Dungeon Overview and Level Annotations

Branches:
Dungeon (9/15)             Temple (0/1) D:4            Lair (0/5) D:9
  Sewer (visited)
    Orc: D:9-12

Altars:
Ashenzari
Dithmenos
Fedhas
Gozag
Hepliaklqana
Makhleb
Nemelex Xobeh
Ru
Trog
Vehumet
Yredelemnul
Zin

Shops:
D:3 ?   D:4 :   D:7 :   D:8 (


Innate Abilities, Weirdness & Mutations

You regain HP and MP as you explore.


Message History

The orc wizard barely misses you.
The orc wizard attacks as it pursues you!
The orc wizard hits you but does no damage.
The orc wizard attacks as it pursues you!
The orc wizard hits you with a +0 dagger.
The orc warrior attacks as it pursues you!
The orc warrior misses you.
You sock the orc wizard!
The orc wizard is severely wounded.
The orc wizard barely misses you. The orc warrior closely misses you.
You hit the orc wizard.
The orc wizard is almost dead.
The orc wizard misses you.
The orc warrior hits you but does no damage.
You hit the orc wizard.
You kill the orc wizard!
The orc warrior completely misses you. The orc misses you.
Things that are here:
a +0 dagger; a +0 robe; an orc corpse The orc priest invokes the aid of Beogh against you.
Beogh smites you! The orc warrior misses you.
The orc attacks as it pursues you! The orc hits you with a +0 hand axe.
You hear a shout!
You sock the orc!
You kill the orc!
The orc priest begins to cast a cantrip, but forgets the words!
The orc warrior hits you from afar with a +0 halberd!
The orc priest looks braver for a moment.
The orc warrior hits you with a +0 halberd!
* * * LOW HITPOINT WARNING * * *
Items here: )) [ †.
You closely miss the orc warrior.
The orc warrior is lightly wounded.
The orc warrior misses you.
The orc priest attacks as it pursues you!
The orc priest hits you with a +2 antimagic short sword.
* * * LOW HITPOINT WARNING * * *
You feel your power leaking away.
The orc warrior hits you from afar with a +0 halberd!!
You die...

*,,,************,* ***** *,* *,,
** *** ,,,,,** * ,,,,,,**
#####******* ,,,,,,,***
#...,,∆..,,, >,,,,,,,,*
##o#####.###* ,,,,,,,*,*
#.oo@.......,
,,,,,,*#.####.####.####.****,****
,,,,,**#......##.o...##.#***<* *
,,,*** #.###..#..(....#?.,,,,* *
.##** *,* ##.#(......#.#***** *
...,* *,* #....)_.....#* * ###,*
*,* #.#...)...#..* * #.# *,*
#.#(..)...#.#* * #*#.#*##,*
#.##.)...##.#########


You could see an orc warrior, an orc priest and an orc.

Vanquished Creatures
  A vampire (D:9)
  3 yaks (D:7)
  2 steam dragons
  An acid dragon (D:6)
  4 water moccasins
  Duvessa (D:7)
  3 orc warriors
  2 sky beasts (D:6)
  3 black bears
  An ogre (D:5)
  2 centaurs
  4 bullfrogs
  3 kobold brigands
  2 scorpions
  9 wights
  Dowan (D:7)
  5 killer bees (D:9)
  2 bombardier beetles
  4 hounds (D:5)
  3 jellies
  8 orc priests
  A gnoll bouda (D:6)
  3 iguanas
  2 sleepcaps
  9 orc wizards
  9 gnolls
  11 adders
  A river rat (D:4)
  10 dart slugs
  6 ribbon worms
  31 orcs
  6 bats
  19 endoplasms
  13 giant cockroaches
  6 goblins
  10 hobgoblins
  7 jackals
  23 kobolds
  2 quokkas (D:1)
  14 ball pythons
  15 frilled lizards
  5 rats
267 creatures vanquished.

Vanquished Creatures (collateral kills)
  A hornet (D:8)
  An orc warrior (D:8)
  3 orc priests (D:8)
  3 orcs (D:8)
8 creatures vanquished.

Vanquished Creatures (others)
  A yak (D:7)
  An orc (D:7)
2 creatures vanquished.

Grand Total: 277 creatures vanquished

Notes
Turn   | Place    | Note
-------+----------+-------------------------------------------
     0 | D:1      | ChrisAssaf the Human Gladiator began the quest for the Orb.
     0 | D:1      | Reached XP level 1. HP: 16/16 MP: 1/1
    83 | D:1      | Reached XP level 2. HP: 17/22 MP: 2/2
   276 | D:2      | Found a faded altar of an unknown god.
   300 | D:2      | Reached XP level 3. HP: 23/27 MP: 3/3
   308 | D:2      | Reached skill level 1 in Stealth
   389 | D:2      | Prayed at the altar of an unknown god.
   389 | D:2      | Became a worshipper of Ashenzari the Shackled
   433 | D:2      | Reached skill level 1 in Polearms
   433 | D:2      | Reached XP level 4. HP: 34/34 MP: 4/4
  1449 | D:1      | Reached * piety under Ashenzari
  1502 | D:1      | Reached skill level 1 in Armour
  1907 | D:3      | Found Ipiomirch's Magic Scroll Shop.
  1924 | D:3      | Bought a scroll of teleportation for 36 gold pieces
  1924 | D:3      | Bought a scroll of poison for 48 gold pieces
  2145 | D:3      | Reached XP level 5. HP: 39/39 MP: 5/5
  2174 | D:3      | Reached ** piety under Ashenzari
  2476 | D:3      | Reached skill level 4 in Staves
  2857 | D:3      | Bought a scroll of immolation for 48 gold pieces
  2927 | D:4      | Reached XP level 6. HP: 46/46 MP: 6/6
  2969 | D:4      | Noticed a black bear
  2984 | D:4      | Killed a black bear
  3009 | D:4      | Found a staircase to the Ecumenical Temple.
  3099 | D:4      | Found a glowing drain.
  3108 | Sewer    | Entered a sewer
  3280 | Sewer    | Reached skill level 1 in Summonings
  3522 | Sewer    | Reached XP level 7. HP: 51/51 MP: 7/7
  3583 | Sewer    | Reached skill level 1 in Evocations
  3733 | D:4      | Found Acsimova's Tremendous Tomes.
  3777 | D:4      | Reached skill level 5 in Staves
  4135 | D:4      | Reached skill level 1 in Necromancy
  4135 | D:4      | Reached skill level 1 in Air Magic
  4181 | D:4      | Reached skill level 1 in Spellcasting
  4181 | D:4      | Reached skill level 1 in Ice Magic
  4426 | D:4      | Reached *** piety under Ashenzari
  4497 | D:4      | Learned a level 1 spell: Sandblast
  4596 | D:4      | Reached XP level 8. HP: 58/58 MP: 4/9
  4791 | D:5      | Entered Level 5 of the Dungeon
  4838 | D:5      | Reached skill level 1 in Fire Magic
  4838 | D:5      | Reached skill level 1 in Earth Magic
  4911 | D:5      | Reached skill level 1 in Shapeshifting
  5091 | D:5      | Reached **** piety under Ashenzari
  5193 | D:5      | Found a radiant altar of Vehumet.
  5193 | D:5      | Found a bloodstained altar of Trog.
  5197 | D:5      | Found a shadowy altar of Dithmenos.
  5205 | D:5      | Found a glowing silver altar of Zin.
  5206 | D:5      | Found a sparkling altar of Nemelex Xobeh.
  5206 | D:5      | Found a burning altar of Makhleb.
  5206 | D:5      | Found a basalt altar of Yredelemnul.
  5207 | D:5      | Found an opulent altar of Gozag.
  5210 | D:5      | Found a blossoming altar of Fedhas.
  5627 | D:5      | Learned a level 3 spell: Stone Arrow
  5631 | D:5      | Learned a level 3 spell: Inner Flame
  5635 | D:5      | Learned a level 3 spell: Passwall
  5870 | D:6      | Reached XP level 9. HP: 36/65 MP: 11/11
  6223 | D:6      | Reached skill level 6 in Staves
  6377 | D:6      | Found a sacrificial altar of Ru.
  6426 | D:6      | Reached skill level 1 in Hexes
  6679 | D:7      | Found Buuneig's Book Shoppe.
  6741 | D:7      | Reached skill level 1 in Conjurations
  7107 | D:7      | Reached XP level 10. HP: 24/73 MP: 13/13
  7217 | D:7      | Noticed Dowan
  7218 | D:7      | Noticed Duvessa
  7227 | D:7      | Killed Duvessa
  7228 | D:7      | Reached skill level 5 in Fighting
  7233 | D:7      | Killed Dowan
  7488 | D:7      | Identified the +0 robe of Ravioli {rElec}
  7538 | D:7      | Reached skill level 7 in Staves
  7749 | D:8      | Found Xykaz's Weapon Boutique.
  7768 | D:8      | HP: 1/74 [steam dragon/ball of steam (27)]
  7941 | D:8      | Learned a level 2 spell: Searing Ray
  8018 | D:8      | HP: 4/111 [steam dragon/ball of steam (14)]
  8025 | D:8      | HP: 5/111 [steam dragon/ball of steam (3)]
  8033 | D:8      | HP: 1/111 [kobold brigand/+0 club (6)]
  8061 | D:8      | Identified the cursed +0 helmet "Shackled With Me" {Melee,
                  | Dev}
  8061 | D:8      | Identified the cursed +0 leather armour of Ashenzari's
                  | Heresy {Range, Melee} (You found it on level 2 of the
                  | Dungeon)
  8932 | D:9      | Found a hazy altar of Hepliaklqana.
  8981 | D:9      | Slain by an orc warrior

Illustrated notes

Levels and vault maps discovered:
D:1:      wander_arrival_estate, layout_loops_ring, nrook_mini_backslash,
          wad_floor_pattern_untrapped, chequers_big_river, serial_bayou_crossing
D:2:      layout_basic, shapermc_ecumenical_altar_mp_ritualfount, minmay_puff
D:3:      layout_loops_ring, serial_shops, nicolae_shop_gibbet_a_chance,
          hangedman_decor_peaks_small
D:4:      layout_cave_pods, minmay_temple_entry_overgrown,
          lightli_sewer_entry_pipes, nicolae_shop_i_like_big_books,
          chequers_mini_garden, grunt_tough_drop
D:5:      layout_basic, minitemple, hangedman_decor_growths
D:6:      layout_basic, nicolae_ru_the_path_less_chosen
D:7:      layout_basic, serial_shops, nicolae_book_shop_shelving, uniq_duvessa
D:8:      layout_basic, serial_shops, shop
D:9:      layout_loops_ring, slow_altar_1, old_standard_altar,
          david_lair_generic, nicolae_shop_clearance

Skill      XL: |  1  2  3  4  5  6  7  8  9 10 |
---------------+-------------------------------+-----
Stealth        | 1 2 3 4 |  4.0
Polearms       | 1 2 3 |  3.1
Armour         | 1 2 3 4 |  4.3
Staves         | 4 5 6 7 |  7.7
Summonings     | 1 2 |  2.9
Evocations     | 1 2 |  2.6
Fighting       | 3 4 5 |  5.1
Necromancy     | 1 2 3 |  3.0
Air Magic      | 1 2 3 |  3.4
Spellcasting   | 1 2 |  2.3
Ice Magic      | 1 2 |  2.8
Dodging        | 4 |  4.9
Fire Magic     | 1 2 |  2.7
Earth Magic    | 1 2 |  2.9
Shapeshifting  | 1 2 |  2.2
Hexes          | 1 2 |  2.4
Conjurations   | 1 |  1.5
Throwing       | |  2.8

Action                     |  1- 3 |  4- 6 |  7- 9 | 10-12 || total
---------------------------+-------+-------+-------+-------++-------
  Melee: Quarterstaff      |    58 |   313 |   265 |   182 ||   818
  Throw: Javelin           |     3 |     7 |    22 |    22 ||    54
         Throwing net      |     2 |     4 |     3 |       ||     9
         Boomerang         |       |    18 |    10 |       ||    28
         Dart              |       |       |       |     5 ||     5
   Cast: Sandblast         |       |       |     9 |     1 ||    10
         Searing Ray       |       |       |       |     3 ||     3
 Invoke: Curse Item        |     1 |     2 |     2 |       ||     5
  Evoke: Wand              |       |     3 |     6 |     8 ||    17
    Use: Scroll            |     2 |     6 |    10 |     3 ||    21
         Potion            |       |       |     5 |     5 ||    10
   Stab: Held in net/web   |       |     3 |     4 |       ||     7
         Sleeping          |       |       |     3 |       ||     3
 Armour: Leather armour    |    11 |       |   121 |   107 ||   239
         Plate armour      |    35 |   325 |   106 |       ||   466
         Skin              |       |       |       |    24 ||    24
  Dodge: Dodged            |    36 |    57 |   160 |   133 ||   386
